Match 46000329
Unlisted

Match 46000329
End
Construct Section Command Post
Vickers Machine Gun Team
Selects Indian Artillery Battlegroup
Dingo Light Scout Car
Infantry Section
Infantry Section
Infantry Section
Construct Platoon Command Post
Selects Valour
Unlock M3 Stuart Light Tanks
M3 Stuart Light Tank
6-pounder Anti-tank Gun Team
Selects Artillery Saturation
Selects Gurkha Rifles Section
ManOfWar
FlyingIguana
T.R. Olvadi
Nico-Nico-Nii~~
0
0

Comments sign in to comment!

No comments posted yet!